ITL
OTSEGO BULLDOGS @ BLUEVILLE 83'S
09/16/2027
 
TOP OF THE 1ST
Otsego Bulldogs batting - Pitching for Blueville 83's : RHP Gary Grimes
Pitching: RHP Gary Grimes
Batting: RHB Luis Antonio Velásquez 0-0: Ball
1-0: Called Strike
1-1: Ball
2-1: Foul Ball, location: 2F
2-2: Ball
3-2: Foul Ball, location: 2F
3-2: SINGLE (Line Drive, 56D)
Batting: RHB Ryosei Yamamoto 0-0: Ball
1-0: Ball
2-0: Called Strike
2-1: Ball
3-1: Grounds into double play, 5-4-3 (Groundball, 56)
Batting: RHB Jorge Cisneros 0-0: Called Strike
0-1: Ball
1-1: Ground out 5-3 (Groundball, 5S)
Top of the 1st over - 0 run(s), 1 hit(s), 0 error(s), 0 left on base; Otsego 0 - Blueville 0
BOTTOM OF THE 1ST
Blueville 83's batting - Pitching for Otsego Bulldogs : RHP Ricardo Quiñones
Pitching: RHP Ricardo Quiñones
Batting: SHB Caden Keith 0-0: Swinging Strike
0-1: Fly out, F9 (Flyball, 9LS)
Batting: RHB Matt Perkins 0-0: Ball
1-0: Foul Ball, location: 2F
1-1: Ball
2-1: Ball
3-1: Base on Balls
Batting: RHB Gernot Renner 0-0: Ball
1-0: Called Strike
1-1: Ball
2-1: Called Strike
2-2: Foul Ball, location: 2F
2-2: Strikes out swinging
Batting: SHB Jack Fountain 0-0: Called Strike
0-1: Ball
1-1: Swinging Strike
1-2: Foul Ball, location: 2F
1-2: Fly out, F7 (Flyball, 7LDF)
Bottom of the 1st over - 0 run(s), 0 hit(s), 0 error(s), 1 left on base; Otsego 0 - Blueville 0
TOP OF THE 2ND
Otsego Bulldogs batting - Pitching for Blueville 83's : RHP Gary Grimes
Batting: RHB Ramiro Chávez 0-0: Fly out, F8 (Flyball, 8RM)
Batting: LHB Martin Davis 0-0: Ball
1-0: Foul Ball, location: 2F
1-1: Called Strike
1-2: Strikes out looking
Batting: RHB Luis Maldonado 0-0: Ball
1-0: Called Strike
1-1: Called Strike
1-2: Strikes out swinging
Top of the 2nd over - 0 run(s), 0 hit(s), 0 error(s), 0 left on base; Otsego 0 - Blueville 0
BOTTOM OF THE 2ND
Blueville 83's batting - Pitching for Otsego Bulldogs : RHP Ricardo Quiñones
Batting: RHB Barney Lawson 0-0: Ball
1-0: Ball
2-0: SINGLE (Groundball, 4MD)
Batting: LHB Ricardo Romero 0-0: Ball
1-0: Ball
2-0: Called Strike
2-1: Ball
Wild Pitch!
Barney Lawson to second
3-1: Foul Ball, location: 2F
3-2: SINGLE (Line Drive, 8LS)
Barney Lawson to third
Batting: LHB Ron Robinson 0-0: Swinging Strike
0-1: Ball
1-1: Called Strike
1-2: Foul Ball, location: 2F
1-2: Ball
2-2: Ball
3-2: Foul Ball, location: 2F
3-2: 3-RUN HOME RUN (Flyball, 9D), Distance : 398 ft
Batting: LHB Vincente Sáenz 0-0: Ball
1-0: Foul Ball, location: 2F
1-1: Called Strike
1-2: Ball
2-2: Ground out 5-3 (Groundball, 56S)
Batting: RHB Pat Haynes 0-0: Called Strike
0-1: Foul Ball, location: 2F
0-2: Fly out, F9 (Flyball, 9S)
Batting: SHB Caden Keith 0-0: Called Strike
0-1: Swinging Strike
0-2: Ball
1-2: Foul Ball, location: 2F
1-2: Ground out 6-3 (Groundball, 6)
Bottom of the 2nd over - 3 run(s), 3 hit(s), 0 error(s), 0 left on base; Otsego 0 - Blueville 3
TOP OF THE 3RD
Otsego Bulldogs batting - Pitching for Blueville 83's : RHP Gary Grimes
Batting: RHB Irving Galloway 0-0: Ball
1-0: Swinging Strike
1-1: Ball
2-1: Ground out 3-1 (Groundball, 23)
Batting: RHB Carlos Luna 0-0: Called Strike
0-1: Ground out U3 (Groundball, 3L)
Batting: RHB José Martínez 0-0: Ball
1-0: Ball
2-0: Foul Ball, location: 2F
2-1: Ground out 5-3 (Groundball, 56S)
Top of the 3rd over - 0 run(s), 0 hit(s), 0 error(s), 0 left on base; Otsego 0 - Blueville 3
BOTTOM OF THE 3RD
Blueville 83's batting - Pitching for Otsego Bulldogs : RHP Ricardo Quiñones
Batting: RHB Matt Perkins 0-0: DOUBLE (Flyball, 7D)
Batting: RHB Gernot Renner 0-0: Ball
1-0: Swinging Strike
1-1: Foul Ball, location: 2F
1-2: Ball
2-2: Ball
3-2: Base on Balls
Batting: SHB Jack Fountain 0-0: Called Strike
0-1: Swinging Strike
0-2: Strikes out swinging
Batting: RHB Barney Lawson 0-0: Ball
1-0: Ball
2-0: Swinging Strike
2-1: Fly out, F8 (Line Drive, 78M)
Batting: LHB Ricardo Romero 0-0: Ground out 6-3 (Groundball, 6MS)
Bottom of the 3rd over - 0 run(s), 1 hit(s), 0 error(s), 2 left on base; Otsego 0 - Blueville 3
TOP OF THE 4TH
Otsego Bulldogs batting - Pitching for Blueville 83's : RHP Gary Grimes
Batting: RHB Luis Antonio Velásquez 0-0: Foul Ball, location: 2F
0-1: Foul Ball, location: 2F
0-2: Strikes out swinging
Batting: RHB Ryosei Yamamoto 0-0: Foul Ball, location: 2F
0-1: Ball
1-1: Ground out 6-3 (Groundball, 6)
Batting: RHB Jorge Cisneros 0-0: Called Strike
0-1: Swinging Strike
0-2: Strikes out swinging
Top of the 4th over - 0 run(s), 0 hit(s), 0 error(s), 0 left on base; Otsego 0 - Blueville 3
BOTTOM OF THE 4TH
Blueville 83's batting - Pitching for Otsego Bulldogs : RHP Ricardo Quiñones
Batting: LHB Ron Robinson 0-0: Foul Ball, location: 2F
0-1: Foul Ball, location: 2F
0-2: Foul Ball, location: 2F
0-2: Ball
1-2: Foul Ball, location: 2F
1-2: Ball
2-2: Foul Ball, location: 2F
2-2: Strikes out looking
Batting: LHB Vincente Sáenz 0-0: Ball
1-0: SINGLE (Groundball, 6D)
Batting: RHB Pat Haynes 0-0: Foul Ball, location: 2F
0-1: Foul Ball, location: 2F
0-2: Ball
1-2: Ball
2-2: Ball
3-2: Grounds into double play, 6-4-3 (Groundball, 6)
Bottom of the 4th over - 0 run(s), 1 hit(s), 0 error(s), 0 left on base; Otsego 0 - Blueville 3
TOP OF THE 5TH
Otsego Bulldogs batting - Pitching for Blueville 83's : RHP Gary Grimes
Batting: RHB Ramiro Chávez 0-0: Ball
1-0: Swinging Strike
1-1: Fly out, F8 (Flyball, 8LD)
Batting: LHB Martin Davis 0-0: Called Strike
0-1: SINGLE (Groundball, 34D)
Batting: RHB Luis Maldonado 0-0: Foul Ball, location: 2F
0-1: Ball
1-1: Swinging Strike
1-2: Foul Ball, location: 2F
1-2: Ball
Martin Davis is caught stealing 2nd base
2-2: Ball
3-2: Strikes out swinging
Top of the 5th over - 0 run(s), 1 hit(s), 0 error(s), 0 left on base; Otsego 0 - Blueville 3
BOTTOM OF THE 5TH
Blueville 83's batting - Pitching for Otsego Bulldogs : RHP Ricardo Quiñones
Batting: SHB Caden Keith 0-0: Called Strike
0-1: Ball
1-1: Called Strike
1-2: Ball
2-2: Ball
3-2: Foul Ball, location: 2F
3-2: Foul Ball, location: 2F
3-2: SINGLE (Line Drive, 4D)
Pitching: RHP Carlos Mendoza
Batting: RHB Matt Perkins 0-0: Grounds into double play, 6-4-3 (Groundball, 6)
Batting: RHB Gernot Renner 0-0: Ball
1-0: Foul Ball, location: 2F
1-1: Swinging Strike
1-2: Ball
2-2: SINGLE (Line Drive, 78S)
Batting: SHB Jack Fountain 0-0: Called Strike
0-1: Ball
1-1: Fielders Choice at 2nd, 4-6 (Groundball, 4)
Bottom of the 5th over - 0 run(s), 2 hit(s), 0 error(s), 0 left on base; Otsego 0 - Blueville 3
TOP OF THE 6TH
Otsego Bulldogs batting - Pitching for Blueville 83's : RHP Gary Grimes
Batting: RHB Irving Galloway 0-0: Fly out, F8 (Line Drive, 8RM)
Batting: RHB Carlos Luna 0-0: Ball
1-0: Swinging Strike
1-1: Ball
2-1: Swinging Strike
2-2: Foul Ball, location: 2F
2-2: Ball
3-2: Foul Ball, location: 2F
3-2: Base on Balls
Batting: RHB José Martínez 0-0: Called Strike
0-1: Grounds into double play, 5-4-3 (Groundball, 5)
Top of the 6th over - 0 run(s), 0 hit(s), 0 error(s), 0 left on base; Otsego 0 - Blueville 3
BOTTOM OF THE 6TH
Blueville 83's batting - Pitching for Otsego Bulldogs : RHP Carlos Mendoza
Batting: RHB Barney Lawson 0-0: DOUBLE (Line Drive, 7LS)
Batting: LHB Ricardo Romero 0-0: Ball
1-0: Swinging Strike
1-1: Foul Ball, location: 2F
1-2: Ball
2-2: Foul Ball, location: 2F
2-2: Ball
3-2: Strikes out looking
Batting: LHB Ron Robinson 0-0: Ball
1-0: Called Strike
1-1: Foul Ball, location: 2F
1-2: Strikes out swinging
Batting: LHB Vincente Sáenz 0-0: Ball
1-0: Foul Ball, location: 2F
1-1: SINGLE (Line Drive, 34D)
Barney Lawson to third
Runner from 3rd tries for Home, SAFE, no throw
Batting: RHB Pat Haynes 0-0: Ball
1-0: Ground out 5-3 (Groundball, 56)
Bottom of the 6th over - 1 run(s), 2 hit(s), 0 error(s), 1 left on base; Otsego 0 - Blueville 4
TOP OF THE 7TH
Otsego Bulldogs batting - Pitching for Blueville 83's : RHP Gary Grimes
Batting: RHB Luis Antonio Velásquez 0-0: Ground out 6-3 (Groundball, 56)
Batting: RHB Ryosei Yamamoto 0-0: Foul Ball, location: 2F
0-1: Ball
1-1: Foul Ball, location: 2F
1-2: Foul Ball, location: 2F
1-2: Ball
2-2: Strikes out looking
Batting: RHB Jorge Cisneros 0-0: Ball
1-0: Called Strike
1-1: Fly out, F7 (Flyball, 7D)
Top of the 7th over - 0 run(s), 0 hit(s), 0 error(s), 0 left on base; Otsego 0 - Blueville 4
BOTTOM OF THE 7TH
Blueville 83's batting - Pitching for Otsego Bulldogs : RHP Carlos Mendoza
Batting: SHB Caden Keith 0-0: Ball
1-0: Swinging Strike
1-1: Ball
2-1: Fly out, F7 (Flyball, 78S)
Batting: RHB Matt Perkins 0-0: Called Strike
0-1: Ball
1-1: Ball
2-1: Ball
3-1: Foul Ball, location: 2F
3-2: Fly out, F8 (Flyball, 8RM)
Batting: RHB Gernot Renner 0-0: Ball
1-0: Ball
2-0: Ball
3-0: Base on Balls
Batting: SHB Jack Fountain 0-0: Called Strike
0-1: Ball
1-1: Swinging Strike
1-2: Strikes out swinging
Bottom of the 7th over - 0 run(s), 0 hit(s), 0 error(s), 1 left on base; Otsego 0 - Blueville 4
TOP OF THE 8TH
Otsego Bulldogs batting - Pitching for Blueville 83's : RHP Gary Grimes
Batting: RHB Ramiro Chávez 0-0: SINGLE (Line Drive, 4D)
Batting: LHB Martin Davis 0-0: Called Strike
0-1: Swinging Strike
0-2: Ball
1-2: Strikes out looking
Pitching: RHP José Becerra
Batting: RHB Luis Maldonado 0-0: SINGLE (Line Drive, 6D)
Ramiro Chávez to second
Batting: RHB Irving Galloway 0-0: Foul Ball, location: 2F
0-1: Ball
1-1: Called Strike
1-2: Foul Ball, location: 2F
1-2: Ground out 5-3 (Groundball, 56S)
Ramiro Chávez to third
Luis Maldonado to second
Batting: RHB Carlos Luna 0-0: Called Strike
0-1: Ground out 4-3 (Groundball, 4)
Top of the 8th over - 0 run(s), 2 hit(s), 0 error(s), 2 left on base; Otsego 0 - Blueville 4
BOTTOM OF THE 8TH
Blueville 83's batting - Pitching for Otsego Bulldogs : RHP Carlos Mendoza
Batting: RHB Barney Lawson 0-0: Ball
1-0: SINGLE (Line Drive, 7S)
Batting: LHB Ricardo Romero 0-0: Sac Bunt - play at first, batter OUT! 2-3
Barney Lawson to second
Batting: LHB Ron Robinson 0-0: Fly out, F8 (Flyball, 8RXD)
Runner from 2nd tags up, SAFE at 3rd, no throw
Batting: LHB Vincente Sáenz 0-0: Ball
1-0: Ball
2-0: Called Strike
2-1: Foul Ball, location: 2F
2-2: Foul Ball, location: 2F
2-2: Ball
3-2: Foul Ball, location: 2F
3-2: Foul Ball, location: 2F
3-2: SINGLE (Groundball, 4MD)
Barney Lawson scores
Pitching: LHP José Chávez
Batting: RHB Pat Haynes 0-0: Ball
1-0: Ball
2-0: Foul Ball, location: 2F
2-1: Foul Ball, location: 2F
2-2: Foul Ball, location: 2F
2-2: Foul Ball, location: 2F
2-2: Ball
3-2: Base on Balls
Vincente Sáenz to second
Batting: SHB Caden Keith 0-0: Foul Ball, location: 2F
0-1: Swinging Strike
0-2: Ball
1-2: Ball
2-2: Foul Ball, location: 2F
2-2: Foul Ball, location: 2F
2-2: Ball
3-2: Base on Balls
Vincente Sáenz to third
Pat Haynes to second
Batting: RHB Matt Perkins 0-0: Called Strike
0-1: Ball
1-1: GRAND SLAM HOME RUN (Flyball, 7D), Distance : 388 ft
Batting: RHB Gernot Renner 0-0: Called Strike
0-1: Ground out 4-3 (Groundball, 4M)
Bottom of the 8th over - 5 run(s), 3 hit(s), 0 error(s), 0 left on base; Otsego 0 - Blueville 9
TOP OF THE 9TH
Otsego Bulldogs batting - Pitching for Blueville 83's : RHP José Becerra
Batting: RHB José Martínez 0-0: Swinging Strike
0-1: Called Strike
0-2: Strikes out looking
Batting: RHB Luis Antonio Velásquez 0-0: Fly out, F4 (Line Drive, 4M)
Pinch Hitting: RHB Jesús Ramírez 0-0: Ball
1-0: Called Strike
1-1: Foul Ball, location: 2F
1-2: Ball
2-2: Fly out, F8 (Flyball, 8RM)
Top of the 9th over - 0 run(s), 0 hit(s), 0 error(s), 0 left on base; Otsego 0 - Blueville 9
Thursday, March 30th, 2017 - OOTP Baseball 17.12 Build 75